AoeStats
← die trying

Marketplace

506855402Analyzed
1v1 RM · 16d ago on Sep 15, 2026· 41m 52s· 2 players
Game mode
Random Map
Map size
Tiny (2 player)
Population
200
Speed
Normal
Resources
Standard
Victory
Conquest
Starting age
Dark Age
Ending age
Imperial Age
RankedLock teamsTeams togetherTeam positionsShared explorationLock speedFull tech treeHidden civsTurbo modeCheats
Victory
Defeat
🇨🇱 Mongols · Chile
1868
+12
🇩🇪 Malians · Germany
1773
-12
billy bad beat
6:32 Loom
8:55 Feudal Age
9:03 Man-at-Arms
15:30 Town Watch
16:11 Double-Bit Axe
23:20 Fletching
24:14 Padded Archer Armor
28:12 Castle Age
27:03 Bloodlines
29:41 Scale Barding Armor
die trying
5:25 Loom
7:56 Feudal Age
8:10 Man-at-Arms
10:12 Town Watch
15:06 Fletching
16:03 Double-Bit Axe
22:21 Castle Age
21:00 Padded Archer Armor
22:59 Bodkin Arrow
22:44 Crossbowman
24:11 Elite Skirmisher
26:06 Horse Collar
31:26 Wheelbarrow
31:42 Ballistics
32:41 Scale Barding Armor
32:47 Forging
35:36 Husbandry
42:20 Imperial Age
40:53 Bloodlines
41:04 Chain Barding Armor
Connection lost

Rejoining the realm…

Still unreachable

The connection could not be restored.

Session expired

The server has moved on; the page needs a fresh start.